 Dungeon Crawl Stone Soup version 0.23.2 (webtiles) character file.

Game seed: 12776162039930236903

141 Leeroy the Conjurer (level 5, 0/38 HPs)
             Began as a Draconian Conjurer on Apr 13, 2019.
             Slain by a jackal (3 damage)
             ... on level 3 of the Dungeon.
             The game lasted 00:10:00 (2479 turns).

Leeroy the Conjurer (Draconian Conjurer)            Turns: 2479, Time: 00:10:01

Health: 0/38       AC:  5    Str: 10    XL:     5   Next: 3%
Magic:  0/8        EV: 12    Int: 17    God:
Gold:   69         SH:  0    Dex: 11    Spells: 2/8 levels left

rFire    . . .     SeeInvis .   a - +0 short sword
rCold    . . .     Gourm    .   (no shield)
rNeg     . . .     Faith    .   (armour unavailable)
rPois    .         Spirit   .   (helmet restricted)
rElec    .         Reflect  .   (no cloak)
rCorr    .         Harm     .   (no gloves)
MR       .....                  (no boots)
Stlth    ++........             (no amulet)
HPRegen  0.12/turn              (no ring)
MPRegen  0.11/turn              (no ring)

@: no status effects
A: unfitting armour, cold-blooded, AC +5
a: no special abilities


You were on level 3 of the Dungeon.
You were not hungry.

You visited 1 branch of the dungeon, and saw 3 of its levels.

You collected 69 gold pieces.

Inventory:

Hand Weapons
 a - a +0 short sword (weapon)
 c - a +0 dagger
 d - a +0 whip
 f - a +0 dagger
 j - a +0 spear
 o - a +0 hunting sling
Missiles
 i - 31 arrows
 l - 111 stones (quivered)
Jewellery
 n - a +2 ring of dexterity {unknown}
Scrolls
 e - a scroll of amnesia {unknown}
 k - 2 scrolls of identify {unknown}
 m - a scroll of magic mapping {unknown}
Potions
 g - a potion of curing {unknown}
 h - a potion of magic {unknown}
Comestibles
 b - 5 rations


   Skills:
 - Level 2.0 Short Blades
 - Level 1.7 Dodging
 - Level 1.7 Stealth
 - Level 2.0 Spellcasting
 + Level 5.9 Conjurations


You had 2 spell levels left.
You knew the following spells:

 Your Spells              Type           Power        Failure   Level  Hunger
a - Magic Dart            Conj           ###.         1%          1    #......
b - Searing Ray           Conj           ###...       2%          2    ###....
c - Dazzling Spray        Conj/Hex       ##....       17%         3    ###....

Your spell library contained the following spells:

 Spells                   Type           Power        Failure   Level  Hunger
 Iskenderun's Mystic Bla  Conj           ###.....     17%         4    #####..
 Force Lance              Conj/Tloc      ##......     50%         4    #####..
 Fulminant Prism          Conj/Hex       ##........   50%         4    #####..


Dungeon Overview and Level Annotations

Branches:
Dungeon (3/15)

Altars:
Makhleb


Innate Abilities, Weirdness & Mutations

Your plain brown scales are hard. (AC +5)
You cannot fit into any form of body armour.
You are cold-blooded and may be slowed by cold attacks.


Message History

The hound bites you.
* * * LOW HITPOINT WARNING * * *
The hound bites you but does no damage.
Casting: Searing Ray (safe; 3% risk of failure)
Confirm with . or Enter, or press ? or * to list all spells.
Aiming: Searing Ray (safe; 3% risk of failure)
Press: ? - help, Shift-Dir - straight line, f/p - jackal
Aim: a jackal The searing ray hits the hound.
The hound is almost dead. (Press . to maintain the ray.)
The hound misses you.
The searing ray hits the hound.
You kill the hound!
You have reached level 5!
Without enough magic to sustain it, your searing ray dissipates.
The jackal misses you. The jackal barely misses you.
You closely miss the jackal. The jackal barely misses you.
The jackal bites you.
You die...

##########.##
#..@h.†...... #
##<#######(## #
#.# # #######.# #
#.......# #
##.#######
########.......#
..........####.##
..######..###....


You could see a jackal.

Vanquished Creatures
  2 hounds
  An adder (D:2)
  An ooze (D:1)
  2 worms
  2 dart slugs (D:1)
  2 leopard geckos (D:1)
  A bat skeleton (D:2)
  2 giant cockroaches
  8 goblins
  5 hobgoblins
  6 jackals (D:1)
  7 kobolds
  A quokka (D:2)
  2 ball pythons
  2 bats
  6 frilled lizards
  5 rats
55 creatures vanquished.

Notes
Turn   | Place    | Note
-------+----------+-------------------------------------------
     0 | D:1      | Leeroy the Draconian Conjurer began the quest for the Orb.
     0 | D:1      | Reached XP level 1. HP: 14/14 MP: 3/3
   348 | D:1      | Reached XP level 2. HP: 20/20 MP: 1/5
   376 | D:1      | Learned a level 2 spell: Searing Ray
   773 | D:1      | Reached XP level 3. HP: 18/26 MP: 1/6
   867 | D:1      | Reached skill level 5 in Conjurations
  1416 | D:2      | Reached skill level 1 in Short Blades
  1560 | D:2      | Reached XP level 4. HP: 26/33 MP: 3/7
  1568 | D:2      | Learned a level 3 spell: Dazzling Spray
  1623 | D:1      | HP: 1/33 [hound (6)]
  2094 | D:2      | Found a burning altar of Makhleb.
  2473 | D:3      | HP: 1/33 [hound (6)]
  2475 | D:3      | Reached XP level 5. HP: 2/38 MP: 1/8
  2479 | D:3      | Slain by a jackal

Skill      XL: |  1  2  3  4 |
---------------+-------------+-----
Conjurations   | 5 |  5.9
Short Blades   | 1 2 |  2.0
Dodging        | |  1.7
Stealth        | |  1.7
Spellcasting   | |  2.0

Action                   |  1- 3 |  4- 6 || total
-------------------------+-------+-------++-------
Melee: Unarmed           |    28 |       ||    28
       Short sword       |   121 |    59 ||   180
       Tailslap          |    13 |     5 ||    18
 Cast: Magic Dart        |    36 |     1 ||    37
       Searing Ray       |     1 |     4 ||     5
       Dazzling Spray    |       |     1 ||     1
 Stab: Sleeping          |     1 |     3 ||     4
  Eat: Chunk             |     3 |     1 ||     4
       Ration            |       |     1 ||     1
Armor: Skin              |    45 |    22 ||    67
Dodge: Dodged            |    99 |    66 ||   165
